 Dungeon Crawl Stone Soup version 0.29.1-15-g9cfb28693d (webtiles) character file.

Game seed: 16139919522989036495

42 Manetho the Sneak (level 3, 0/17 HPs)
             Began as a Vine Stalker Enchanter on Mar 24, 2023.
             Succumbed to an adder's poison
             ... on level 3 of the Dungeon.
             The game lasted 00:06:57 (1882 turns).

Manetho the Sneak (Vine Stalker Enchanter)          Turns: 1882, Time: 00:06:58

Health: 0/17       AC:  2    Str: 10    XL:     3   Next: 54%
Magic:  3/7        EV: 12    Int: 17    God:
Gold:   129        SH:  0    Dex: 14    Spells: 1/6 levels left

rFire   . . .      SeeInvis .   k - +0 glaive
rCold   . . .      Faith    .   (shield currently unavailable)
rNeg    . . .      Spirit   +   b - +0 robe
rPois   .          Reflect  .   (no helmet)
rElec   .          Harm     .   (no cloak)
rCorr   .          Rampage  .   (no gloves)
Will    .....                   (no boots)
Stlth   +++.......              (no amulet)
HPRegen 0.05/turn               (no ring)
MPRegen 0.10/turn               (no ring)

@: lethally poisoned (0 -> -5)
A: fangs 2, magic shield, antimagic bite, no potion heal 2
a: no special abilities


You were on level 3 of the Dungeon.
You visited 1 branch of the dungeon, and saw 3 of its levels.

You collected 129 gold pieces.

Inventory:

Hand Weapons
 a - a +1 dagger
 k - a +0 glaive (weapon)
Armour
 b - a +0 robe (worn)
Wands
 f - a wand of polymorph (3)
Scrolls
 j - a scroll of noise {unknown}
Potions
 c - 4 potions of invisibility
 d - a potion of mutation {unknown}
 e - 2 potions of haste {unknown}
 g - a potion of might {unknown}
 h - a potion of degeneration {unknown}
 i - 2 potions of curing {unknown}


   Skills:
 * Level 0.4 Fighting
 * Level 1.0 Short Blades
 * Level 0.6 Armour
 * Level 1.7 Dodging
 * Level 4.1 Stealth
 * Level 2.4 Spellcasting
 * Level 3.2 Hexes
 * Level 0.4 Ice Magic
 * Level 0.4 Evocations


You had one spell level left.
You knew the following spells:

 Your Spells              Type           Power      Damage    Failure   Level
a - Ensorcelled Hibernat  Hex/Ice        16%        N/A       13%         2
b - Tukima's Dance        Hex            13%        N/A       14%         3

Your spell library contained the following spells:

 Spells                   Type           Power      Damage    Failure   Level
 Confusing Touch          Hex            13%        N/A       14%         3
 Dazzling Flash           Conj/Hex       14%        N/A       28%         3


Dungeon Overview and Level Annotations

Branches:
Dungeon (3/15)

Altars:
Kikubaaqudgha
Wu Jian

Annotations:
D:3 1 transporter


Innate Abilities, Weirdness & Mutations

You have extremely sharp teeth.
When hurt, damage is shared between your health and your magic reserves.
Your bite disrupts and absorbs the magic of your enemies.
Potions cannot restore your health.


Message History

The helpless adder fails to defend itself.
You hit the adder. You bite the adder. You drain its power.
You feel invigorated.
The adder is almost dead.
The adder bites you. The adder bites you but does no damage.
The adder barely misses you.
You miss the adder.
The adder is almost dead.
The adder bites you. The adder barely misses you.
You barely miss the adder.
The adder is almost dead.
The adder bites you.
You are poisoned.
The adder poisons you! The adder bites you.
You are lethally poisoned!
The adder poisons you!
Aiming: Ensorcelled Hibernation (safe; 13% risk of failure)
Press: ? - help, Q - select action, (/) - cycle Shift-Dir - straight line, f - you, p - adder That would be overly suicidal.
Okay, then.
Unknown command.
Casting: Ensorcelled Hibernation (safe; 13% risk of failure)
Confirm with . or Enter, or press ? or * to list all spells.
Okay, then.
Aiming: Ensorcelled Hibernation (safe; 13% risk of failure)
Press: ? - help, Q - select action, (/) - cycle Shift-Dir - straight line, f - adder
Aim: an adder (almost dead, not susceptible)
The adder is unaffected.
* * * LOW HITPOINT WARNING * * *
You feel very sick. The adder barely misses you.
You miss the adder.
The adder is almost dead.
* * * LOW HITPOINT WARNING * * *
You feel sick. The adder bites you but does no damage.
The adder closely misses you. The adder barely misses you.
Unknown command.
You hit the adder.
You kill the adder!
You die...

###.######....#####....######..≈≈
#..#######...........########.≈≈
#.#.......................#...≈≈
####.##########.###.######.....≈≈
............###...........##...≈≈
..#########........######..###.≈≈
##### ################..)..≈≈
....################.............
.....<..........@....#########...
....################## #### #####


There were no monsters in sight!

Vanquished Creatures
  2 adders
  2 bats (D:1)
  5 endoplasms
  A goblin (D:3)
  3 hobgoblins
  4 jackals (D:2)
  A quokka (D:2)
  2 ball pythons (D:1)
  A frilled lizard (D:2)
  4 kobolds
  2 rats (D:3)
27 creatures vanquished.

Vanquished Creatures (collateral kills)
  An orc (D:3)
  A rat (D:3)
2 creatures vanquished.

Vanquished Creatures (others)
  5 plants (D:3)
5 creatures vanquished.

Grand Total: 34 creatures vanquished

Notes
Turn   | Place    | Note
-------+----------+-------------------------------------------
     0 | D:1      | Manetho the Vine Stalker Enchanter began the quest for the
                  | Orb.
     0 | D:1      | Reached XP level 1. HP: 9/9 MP: 4/4
   172 | D:1      | Reached skill level 1 in Short Blades
   329 | D:1      | Reached XP level 2. HP: 13/13 MP: 6/6
   333 | D:1      | Learned a level 2 spell: Ensorcelled Hibernation
   422 | D:1      | You fall into a shaft and drop 1 floor!
  1008 | D:2      | Reached skill level 4 in Stealth
  1008 | D:2      | Reached XP level 3. HP: 17/17 MP: 0/7
  1012 | D:2      | Learned a level 3 spell: Tukima's Dance
  1411 | D:3      | Found an ornate altar of the Wu Jian Council.
  1411 | D:3      | Found an ancient bone altar of Kikubaaqudgha.
  1637 | D:3      | Found a transporter.
  1882 | D:3      | Succumbed to an adder's poison

Illustrated notes

Levels and vault maps discovered:
D:1:      ebering_trefoil_twist, layout_loops_ring, basic_ecumenical_altar
D:2:      layout_basic
D:3:      layout_rooms, gammafunk_temple_overflow_elements,
          gammafunk_ghost_gnarly_gnolls

Skill      XL: |  1  2 |
---------------+-------+-----
Short Blades   | 1 |  1.0
Stealth        | 4 |  4.1
Fighting       | |  0.4
Armour         | |  0.6
Dodging        | |  1.7
Spellcasting   | |  2.4
Hexes          | |  3.2
Ice Magic      | |  0.4
Evocations     | |  0.4

Action                   || total
-------------------------++-------
Melee: Dagger            ||    40
       Bite              ||     9
       Glaive            ||    21
 Cast: Ensorcelled Hiber ||    20
       Tukima's Dance    ||     2
  Use: Scroll            ||     6
 Stab: Sleeping          ||    17
       Distracted        ||     1
Armor: Robe              ||    12
Dodge: Dodged            ||    54
